 Dungeon Crawl Stone Soup version 0.22-b1-21-g5cfc168 (webtiles) character file.

16 tidbits the Sneak (level 2, 0/20 HPs)
             Began as a Gnoll Enchanter on Aug 4, 2018.
             Slain by a leopard gecko (3 damage)
             ... on level 3 of the Dungeon.
             The game lasted 00:02:44 (319 turns).

tidbits the Sneak (Gnoll Enchanter)                  Turns: 319, Time: 00:02:45

Health: 0/20       AC:  2    Str: 10    XL:     2   Next: 58%
Magic:  5/7        EV: 14    Int: 17    God:
Gold:   29         SH:  0    Dex: 15    Spells: 7/10 levels left

rFire    . . .     SeeInvis .   a - +1 dagger
rCold    . . .     Gourm    .   (no shield)
rNeg     . . .     Faith    .   b - +0 robe
rPois    .         Spirit   .   (no helmet)
rElec    .         Reflect  .   (no cloak)
rCorr    .         Harm     .   (no gloves)
MR       .....                  (no boots)
Stlth    +++.......             (no amulet)
HPRegen  0.06/turn              (no ring)
MPRegen  0.10/turn              (no ring)

@: very slightly contaminated
A: distributed training, fangs 1, strong nose
a: no special abilities


You were on level 3 of the Dungeon.
You were not hungry.

You visited 1 branch of the dungeon, and saw 3 of its levels.

You collected 29 gold pieces.

Inventory:

Hand Weapons
 a - a +1 dagger (weapon)
 g - a +0 short sword
Armour
 b - a +0 robe (worn)
Scrolls
 c - a scroll of amnesia {unknown}
 e - a scroll of random uselessness {unknown}
Potions
 f - a potion of haste {unknown}
Comestibles
 d - 4 rations


   Skills:
 + Level 0.4 Fighting
 + Level 2.5 Short Blades
 + Level 0.4 Long Blades
 + Level 0.4 Axes
 + Level 0.4 Maces & Flails
 + Level 0.4 Polearms
 + Level 0.4 Staves
 + Level 0.4 Slings
 + Level 0.4 Bows
 + Level 0.4 Crossbows
 + Level 0.4 Throwing
 + Level 0.4 Armour
 + Level 4.5 Dodging
 + Level 5.9 Stealth
 + Level 0.4 Shields
 + Level 0.4 Unarmed Combat
 + Level 4.9 Spellcasting
 + Level 0.2 Conjurations
 + Level 5.3 Hexes
 + Level 0.2 Charms
 + Level 0.2 Summonings
 + Level 0.2 Necromancy
 + Level 0.2 Translocations
 + Level 0.2 Transmutations
 + Level 0.2 Fire Magic
 + Level 0.2 Ice Magic
 + Level 0.2 Air Magic
 + Level 0.2 Earth Magic
 + Level 0.2 Poison Magic
 + Level 0.5 Invocations
 + Level 0.4 Evocations


You had 7 spell levels left.
You knew the following spells:

 Your Spells              Type           Power        Failure   Level  Hunger
a - Corona                Hex            ###....      1%          1    None
e - Ensorcelled Hibernat  Hex/Ice        ##....       7%          2    #......

Your spell library contained the following spells:

 Spells                   Type           Power        Failure   Level  Hunger
 Confuse                  Hex            ###.....     4%          3    ###....
 Tukima's Dance           Hex            ###.....     4%          3    ###....
 Dazzling Spray           Conj/Hex       ##....       14%         3    ###....


Dungeon Overview and Level Annotations

Branches:
Dungeon (3/15)

Altars:


Innate Abilities, Weirdness & Mutations

Your experience applies equally to all skills.
You have very sharp teeth.
Your uncanny sense of smell can sniff out nearby items.


Message History

You climb upwards.
Found a scroll labeled TEDUB HEROEGI and 10 gold pieces.
There is a stone staircase leading down here.
Unknown command.
You see here a scroll labeled TEDUB HEROEGI.
c - a scroll labeled TEDUB HEROEGI
There is a stone staircase leading down here.
You climb downwards.
There is a stone staircase leading up here.
Unknown command.
A goblin comes into view.
Found 14 arrows.
There is a stone staircase leading down here.
You flicker for a moment.
A goblin comes into view.
Unknown command.
Found a dagger.
Found a stone staircase leading up.
You flicker back into view.
A hobgoblin comes into view. It is wielding a club.
The goblin shouts!
The goblin barely misses you.
You hit the goblin.
You kill the goblin!
You see here a dagger.
You feel a little less clever now.
Found a ring mail.
Casting: Corona (safe; 1% risk of failure)
Confirm with . or Enter, or press ? or * to list all spells.
Aiming: Corona (safe; 1% risk of failure)
Press: ? - help, Shift-Dir - straight line, f - hobgoblin
Aim: a hobgoblin, wielding a club (chance to defeat MR: 77%)
The hobgoblin is outlined in light.
Casting: Corona (safe; 1% risk of failure)
Confirm with . or Enter, or press ? or * to list all spells.
Aiming: Corona (safe; 1% risk of failure)
Press: ? - help, Shift-Dir - straight line, f/p - hobgoblin
Aim: a hobgoblin, wielding a club (softly glowing, chance to defeat MR: 77%)
The hobgoblin barely resists.
You hit the hobgoblin.
The hobgoblin is almost dead.
The hobgoblin hits you with a club.
* * * LOW HITPOINT WARNING * * *
You hit the hobgoblin.
You kill the hobgoblin!
You see here a club.
You see here a dagger.
Unknown command.
There is a stone staircase leading down here.
You climb downwards.
A rat and a hobgoblin come into view.
Found 19 stones, a scroll labeled EFOJOCH QIMU and a ration.
There is a stone staircase leading up here.
The helpless hobgoblin fails to defend itself.
You impale the hobgoblin!!
You kill the hobgoblin!
You see here a scroll labeled EFOJOCH QIMU.
e - a scroll labeled EFOJOCH QIMU You see here a ration.
d - 4 rations (gained 1)
Casting: Corona (safe; 1% risk of failure)
Confirm with . or Enter, or press ? or * to list all spells.
Aiming: Corona (safe; 1% risk of failure)
Press: ? - help, Shift-Dir - straight line, f - rat
Aim: a rat (chance to defeat MR: 77%)
The rat is outlined in light.
You barely miss the rat. The rat barely misses you.
You hit the rat.
You kill the rat!
Found a brown potion.
Things that are here:
a club; a hobgoblin corpse A leopard gecko comes into view.
Found a scale mail.
Found a stone staircase leading down.
Casting: Corona (safe; 1% risk of failure)
Confirm with . or Enter, or press ? or * to list all spells.
Aiming: Corona (safe; 1% risk of failure)
Press: ? - help, Shift-Dir - straight line, f - leopard gecko
Aim: a leopard gecko (hasn't noticed you, chance to defeat MR: 77%)
The leopard gecko is outlined in light.
A kobold comes into view.
It is wielding an enchanted short sword.
Found an escape hatch in the ceiling.
You barely miss the leopard gecko. The leopard gecko closely misses you.
You completely miss the leopard gecko. The leopard gecko misses you.
You closely miss the leopard gecko.
The leopard gecko stops glowing.
The leopard gecko bites you.
* * * LOW HITPOINT WARNING * * *
You hit the leopard gecko. Your bite misses the leopard gecko.
The leopard gecko is moderately wounded.
The leopard gecko barely misses you.
Casting: Corona (safe; 1% risk of failure)
Confirm with . or Enter, or press ? or * to list all spells.
Aiming: Corona (safe; 1% risk of failure)
Press: ? - help, Shift-Dir - straight line, f/p - leopard gecko
Aim: a leopard gecko (moderately wounded, chance to defeat MR: 77%)
The leopard gecko is outlined in light.
The leopard gecko bites you but does no damage.
The leopard gecko bites you.
You die...

########
##......##
##........##
#..........#
#.<......(.#
#.)........##
#............
#....@.....#
##...l....##
#........#
#..........#
#..........#
#.......!..[.
#..........#.
#..>.......#
##K.....<.##


You could see a leopard gecko.

Vanquished Creatures
  A dart slug (D:2)
  A giant cockroach (D:2)
  3 goblins
  3 hobgoblins
  A kobold (D:2)
  2 bats
  A rat (D:3)
12 creatures vanquished.

Notes
Turn   | Place    | Note
-------+----------+-------------------------------------------
     0 | D:1      | tidbits the Gnoll Enchanter began the quest for the Orb.
     0 | D:1      | Reached XP level 1. HP: 13/13 MP: 6/6
   187 | D:1      | You fall through a shaft!
   212 | D:2      | Reached XP level 2. HP: 4/19 MP: 4/7
   218 | D:2      | Learned a level 2 spell: Ensorcelled Hibernation
   319 | D:3      | Slain by a leopard gecko

Action                   || total
-------------------------++-------
Melee: Dagger            ||    39
       Bite              ||     5
 Cast: Corona            ||    11
  Use: Potion            ||     2
 Stab: Sleeping          ||     4
       Invisible         ||     1
Armor: Robe              ||     5
Dodge: Dodged            ||    26

Table legend:
 A = Turns spent in this place as a percentage of turns spent in the entire game.
 B = Non-inter-level travel turns spent in this place as a percentage of non-inter-level travel turns spent in the entire game.
 C = Inter-level travel turns spent in this place as a percentage of turns spent in this place.
 D = Turns resting spent in this place as a percentage of non-inter-level travel turns spent in this place.
 E = Turns spent auto-exploring this place as a percentage of non-inter-level travel turns spent in this place.
 F = Non-inter-level travel turns spent in this place divided by the number of levels of this place that you've seen.
                   A       B       C       D       E      F
               +-------+-------+-------+-------+-------+----------------------
         Total | 100.0 | 100.0 |   0.0 |   0.0 |   0.0 | 106.3
       Dungeon | 100.0 | 100.0 |   0.0 |   0.0 |   0.0 | 106.3
               +-------+-------+-------+-------+-------+----------------------

Table legend:
 A = Kills in this place as a percentage of kills in entire the game.
 B = Kills by you in this place as a percentage of kills by you in the entire game.
 C = Kills by friends in this place as a percentage of kills by friends in the entire game.
 D = Other kills in this place as a percentage of other kills in the entire game.
 E = Experience gained in this place as a percentage of experience gained in the entire game.
 F = Experience gained in this place divided by the number of levels of this place that you have seen.
                   A       B       C       D       E      F
               +-------+-------+-------+-------+-------+----------------------
         Total | 100.0 | 100.0 |   N/A |   N/A | 100.0 |   8.0
       Dungeon | 100.0 | 100.0 |   N/A |   N/A | 100.0 |   8.0
               +-------+-------+-------+-------+-------+----------------------

Vault maps used:
D:1:      elethiomel_arrival_maze
D:2:      uniq_natasha, uniq_terence
D:3:      fedhas_altar_1
